[ AOE2 MATCH · #479969747 ]
UnrankedPoles vs Britons
Player's team · LOSS
Rival team · WIN
[ REPLAY ANALYSIS · EXTRACTED FROM THE RECORDED GAME ]
Feudal
12:24
Castle
15:57
Imperial
34:13
| APM avg | 5.5 |
| APM peak | 52 |
| eAPM avg | 4.2 |
| Villagers / military | 203 / 428 |
Focus
⚔️ 35.1% · 🌾 64.9%
Scout Cavalry ×334 · Spearman ×33 · Battering Ram ×20 · Scorpion ×15 · Mangonel ×10 · Bombard Cannon ×10
Feudal
12:27
Castle
22:17
Imperial
41:48
| APM avg | 8.0 |
| APM peak | 109 |
| eAPM avg | 5.2 |
| Villagers / military | 241 / 385 |
Focus
⚔️ 29.8% · 🌾 70.2%
Spearman ×335 · Archer ×25 · War Elephant ×15 · Militia ×5 · Bombard Cannon ×3 · Monk ×1
Feudal
11:59
Castle
20:09
Imperial
37:42
| APM avg | 52.0 |
| APM peak | 143 |
| eAPM avg | 38.4 |
| Villagers / military | 735 / 3031 |
Focus
⚔️ 52.1% · 🌾 47.9%
Spearman ×1629 · Scout Cavalry ×1070 · Scorpion ×141 · Militia ×121 · Mangonel ×33 · Battering Ram ×12
Feudal
15:55
Castle
25:48
Imperial
42:44
| APM avg | 17.6 |
| APM peak | 123 |
| eAPM avg | 15.7 |
| Villagers / military | 155 / 1688 |
Focus
⚔️ 61.3% · 🌾 38.7%
Scout Cavalry ×598 · Skirmisher ×485 · Spearman ×440 · Knight ×55 · Militia ×52 · Scorpion ×36
Feudal
11:56
Castle
15:59
Imperial
31:58
| APM avg | 36.5 |
| APM peak | 118 |
| eAPM avg | 20.5 |
| Villagers / military | 428 / 2787 |
Focus
⚔️ 50.3% · 🌾 49.7%
Spearman ×1364 · Scout Cavalry ×731 · Mameluke ×316 · Militia ×220 · Bombard Cannon ×44 · Monk ×41
Feudal
11:27
Castle
15:02
Imperial
33:07
| APM avg | 8.5 |
| APM peak | 78 |
| eAPM avg | 5.3 |
| Villagers / military | 168 / 257 |
Focus
⚔️ 28.6% · 🌾 71.4%
Mangudai ×103 · Scout Cavalry ×65 · Skirmisher ×50 · Fishing Ship ×30 · Battering Ram ×28 · Scorpion ×4
Feudal
11:37
Castle
25:12
Imperial
38:00
| APM avg | 2.2 |
| APM peak | 28 |
| eAPM avg | 2.2 |
| Villagers / military | 69 / 160 |
Focus
⚔️ 43.7% · 🌾 56.3%
Knight ×58 · Longbowman ×51 · Spearman ×45 · Trebuchet (Packed) ×5 · Monk ×1
Feudal
14:51
Castle
26:45
Imperial
41:21
| APM avg | 6.7 |
| APM peak | 86 |
| eAPM avg | 5.7 |
| Villagers / military | 345 / 566 |
Focus
⚔️ 34.6% · 🌾 65.4%
Camel Scout ×305 · Skirmisher ×160 · Shotel Warrior ×44 · Scorpion ×25 · Spearman ×20 · Mangonel ×8
Match map
Initial resources + every placement click. Lines = walls · curves = elevation contours. ◆ gold · ⬟ stone · ● berries · ✦ relic · ◌ wall gap
Your base· Open — unwalled flank
Anny's base· ✓ Closed at 22:17 · 72t walls · no gate
ThePlebWithNoName's base· Open — opponent sealed themselves in
Buddyboy's base· ✓ Closed at 25:48 · 27t walls · no gate
gabrieldemarmiesse's base· ✓ Closed at 15:59 · 64t walls · no gate
superflurry's base· Open — unwalled flank
KUZEY's base· ✓ Closed at 25:12 · 26t walls · fragile
Fire_Drake_Of_Gondolin's base· ✓ Closed at 26:45 · 115t walls · fragile
Smoothed initial terrain · ◌ = detected wall gap · hover for details
Inputs per minute
— Niquito7 - - Anny
Build order — Niquito7
First 150 of 453 actions detected
| 0:13 | Create | Villager (Male) |
| 0:13 | Create | Villager (Male) |
| 0:13 | Create | Villager (Male) |
| 0:14 | Create | Villager (Male) |
| 0:14 | Create | Villager (Male) |
| 0:16 | Build | House |
| 0:17 | Build | House |
| 1:58 | Create | Villager (Male) |
| 2:17 | Create | Villager (Male) |
| 2:17 | Create | Villager (Male) |
| 2:29 | Build | House |
| 2:38 | Build | House |
| 2:39 | Build | House |
| 2:51 | Create | Villager (Male) |
| 2:51 | Create | Villager (Male) |
| 2:51 | Create | Villager (Male) |
| 3:01 | Create | Villager (Male) |
| 3:01 | Create | Villager (Male) |
| 3:10 | Build | Lumber Camp |
| 3:29 | Create | Villager (Male) |
| 3:29 | Create | Villager (Male) |
| 3:29 | Create | Villager (Male) |
| 3:59 | Create | Villager (Male) |
| 3:59 | Create | Villager (Male) |
| 4:00 | Create | Villager (Male) |
| 4:00 | Create | Villager (Male) |
| 5:07 | Create | Villager (Male) |
| 5:07 | Create | Villager (Male) |
| 5:10 | Create | Villager (Male) |
| 5:10 | Create | Villager (Male) |
| 5:38 | Build | Mill |
| 5:51 | Create | Villager (Male) |
| 5:52 | Create | Villager (Male) |
| 6:03 | Create | Villager (Male) |
| 6:03 | Create | Villager (Male) |
| 6:44 | Create | Villager (Male) |
| 6:44 | Create | Villager (Male) |
| 7:09 | Create | Villager (Male) |
| 7:09 | Create | Villager (Male) |
| 7:10 | Create | Villager (Male) |
| 7:10 | Create | Villager (Male) |
| 7:41 | Create | Villager (Male) |
| 8:13 | Create | Villager (Male) |
| 9:01 | Create | Villager (Male) |
| 9:01 | Create | Villager (Male) |
| 9:30 | Build | Mining Camp |
| 10:10 | Create | Villager (Male) |
| 10:11 | Create | Villager (Male) |
| 10:14 | Research | Feudal Age |
| 10:44 | Create | Villager (Male) |
| 10:44 | Create | Villager (Male) |
| 12:24 | Age | Feudal Age |
| 12:33 | Build | Market |
| 12:35 | Build | Blacksmith |
| 13:17 | Research | Castle Age |
| 13:47 | Build | Farm |
| 13:49 | Build | Farm |
| 13:49 | Build | Farm |
| 14:00 | Research | Horse Collar |
| 14:03 | Build | Farm |
| 14:04 | Build | Farm |
| 14:05 | Build | Farm |
| 14:06 | Build | Farm |
| 14:07 | Build | Farm |
| 14:40 | Research | Double-Bit Axe |
| 15:10 | Research | Wheelbarrow |
| 15:57 | Age | Castle Age |
| 16:01 | Build | Town Center |
| 16:09 | Build | Town Center |
| 16:22 | Research | Heavy Plow |
| 17:03 | Research | Bow Saw |
| 17:11 | Create | Villager (Male) |
| 17:35 | Create | Villager (Male) |
| 17:54 | Create | Villager (Male) |
| 17:54 | Create | Villager (Male) |
| 17:54 | Create | Villager (Male) |
| 18:05 | Build | Mill |
| 18:07 | Create | Villager (Male) |
| 18:08 | Create | Villager (Male) |
| 18:19 | Create | Villager (Male) |
| 18:19 | Create | Villager (Male) |
| 18:19 | Create | Villager (Male) |
| 18:22 | Build | House |
| 18:23 | Build | House |
| 18:34 | Create | Villager (Male) |
| 18:35 | Create | Villager (Male) |
| 18:35 | Create | Villager (Male) |
| 18:43 | Build | Farm |
| 18:44 | Build | Farm |
| 18:46 | Build | Farm |
| 18:47 | Build | Farm |
| 18:48 | Build | Farm |
| 18:52 | Build | Farm |
| 18:53 | Build | Farm |
| 19:00 | Create | Villager (Male) |
| 19:00 | Create | Villager (Male) |
| 19:00 | Create | Villager (Male) |
| 19:00 | Create | Villager (Male) |
| 19:29 | Create | Villager (Male) |
| 19:30 | Create | Villager (Male) |
| 19:30 | Create | Villager (Male) |
| 19:30 | Create | Villager (Male) |
| 19:30 | Create | Villager (Male) |
| 19:38 | Build | Farm |
| 19:48 | Build | Mill |
| 20:00 | Build | Mill |
| 20:03 | Create | Villager (Male) |
| 20:03 | Create | Villager (Male) |
| 20:03 | Create | Villager (Male) |
| 20:03 | Create | Villager (Male) |
| 20:28 | Build | Town Center |
| 20:36 | Build | House |
| 20:37 | Build | House |
| 20:52 | Build | House |
| 20:56 | Build | House |
| 20:58 | Build | House |
| 21:00 | Build | House |
| 21:01 | Build | House |
| 21:02 | Build | House |
| 21:02 | Build | House |
| 21:06 | Create | Villager (Male) |
| 21:06 | Create | Villager (Male) |
| 21:06 | Create | Villager (Male) |
| 21:06 | Create | Villager (Male) |
| 21:07 | Create | Villager (Male) |
| 21:07 | Create | Villager (Male) |
| 21:07 | Create | Villager (Male) |
| 21:07 | Create | Villager (Male) |
| 21:30 | Create | Villager (Male) |
| 21:41 | Research | Gold Mining |
| 21:46 | Build | Farm |
| 21:47 | Build | Farm |
| 21:48 | Build | Farm |
| 21:49 | Build | Farm |
| 21:55 | Build | Farm |
| 21:58 | Create | Villager (Male) |
| 21:58 | Create | Villager (Male) |
| 21:58 | Create | Villager (Male) |
| 21:58 | Create | Villager (Male) |
| 21:59 | Create | Villager (Male) |
| 22:11 | Research | Loom |
| 22:13 | Research | Town Watch |
| 22:15 | Research | Hand Cart |
| 22:27 | Build | House |
| 22:30 | Build | House |
| 22:31 | Build | House |
| 22:33 | Create | Villager (Male) |
| 22:33 | Create | Villager (Male) |
| 22:34 | Create | Villager (Male) |
| 22:40 | Build | Farm |
Build order — Anny
First 150 of 536 actions detected
| 0:03 | Create | Villager (Male) ×5 |
| 0:06 | Build | House |
| 0:08 | Build | House |
| 1:05 | Research | Loom |
| 1:06 | Create | Villager (Male) ×2 |
| 2:12 | Create | Villager (Male) ×2 |
| 2:12 | Create | Villager (Male) ×2 |
| 2:50 | Build | House |
| 2:52 | Build | House |
| 2:56 | Create | Villager (Male) |
| 3:40 | Create | Villager (Male) ×2 |
| 4:44 | Create | Villager (Male) ×5 |
| 5:06 | Build | Lumber Camp |
| 5:13 | Create | Villager (Male) ×2 |
| 5:13 | Create | Villager (Male) ×2 |
| 6:20 | Create | Villager (Male) |
| 6:39 | Create | Villager (Male) ×2 |
| 6:40 | Create | Villager (Male) ×2 |
| 7:05 | Build | Palisade Wall |
| 7:20 | Build | Mill |
| 7:28 | Create | Villager (Male) ×2 |
| 7:58 | Build | Palisade Wall |
| 8:47 | Build | Town Center |
| 10:23 | Research | Feudal Age |
| 10:31 | Build | House |
| 12:05 | Create | Villager (Male) |
| 12:05 | Create | Villager (Male) |
| 12:27 | Age | Feudal Age |
| 12:40 | Build | Stone Wall |
| 12:41 | Build | Stone Wall |
| 12:46 | Build | Stone Wall |
| 12:48 | Build | Stone Wall |
| 12:59 | Build | Stone Wall |
| 13:06 | Build | Stone Wall |
| 13:12 | Create | Villager (Male) ×5 |
| 13:18 | Build | Stone Wall |
| 13:30 | Build | House |
| 13:39 | Build | Stone Wall |
| 14:17 | Build | Outpost |
| 14:26 | Build | Palisade Wall |
| 14:29 | Research | Town Watch |
| 14:36 | Build | Stone Wall |
| 14:41 | Build | Stone Wall |
| 15:13 | Build | Market |
| 15:14 | Build | Blacksmith |
| 15:33 | Build | Palisade Wall |
| 15:37 | Build | House |
| 15:39 | Build | Palisade Wall |
| 15:42 | Build | Palisade Wall |
| 15:45 | Build | Palisade Wall |
| 15:48 | Build | Palisade Wall |
| 15:50 | Build | Palisade Wall |
| 16:04 | Create | Villager (Male) ×5 |
| 16:58 | Build | Farm |
| 16:58 | Build | Farm |
| 16:58 | Build | Farm |
| 16:59 | Build | Farm |
| 16:59 | Build | Farm |
| 16:59 | Build | Farm |
| 17:11 | Build | Stone Wall |
| 17:51 | Build | Farm |
| 17:51 | Build | Farm |
| 18:01 | Build | Stone Wall |
| 18:56 | Build | Mill |
| 19:52 | Research | Castle Age |
| 20:51 | Build | Palisade Wall |
| 21:01 | Build | Stone Wall |
| 21:02 | Build | Stone Wall |
| 21:04 | Build | Stone Wall |
| 21:08 | Build | Outpost |
| 21:14 | Build | Mining Camp |
| 21:17 | Research | Double-Bit Axe |
| 21:19 | Research | Horse Collar |
| 21:41 | Build | House |
| 21:47 | Build | Outpost |
| 22:08 | Build | House |
| 22:17 | Age | Castle Age |
| 22:31 | Build | Town Center |
| 23:03 | Research | Wheelbarrow |
| 23:20 | Build | Stone Wall |
| 23:35 | Build | Town Center |
| 23:55 | Build | Outpost |
| 24:16 | Build | Stone Wall |
| 24:19 | Build | Stone Wall |
| 24:36 | Build | Siege Workshop |
| 24:45 | Create | Villager (Male) ×5 |
| 25:24 | Build | Town Center |
| 25:29 | Create | Villager (Male) ×5 |
| 25:37 | Build | Outpost |
| 25:54 | Create | Villager (Male) ×5 |
| 26:11 | Build | Town Center |
| 26:47 | Create | Villager (Male) ×5 |
| 27:06 | Create | Villager (Male) ×5 |
| 27:06 | Create | Villager (Male) ×3 |
| 27:11 | Create | Mangonel |
| 27:31 | Build | Stone Wall |
| 27:35 | Create | Villager (Male) ×2 |
| 27:38 | Build | Farm |
| 27:38 | Build | Farm |
| 27:38 | Build | Farm |
| 27:42 | Create | Villager (Male) |
| 27:55 | Build | Farm |
| 27:55 | Build | Farm |
| 27:55 | Build | Farm |
| 27:55 | Build | Farm |
| 27:55 | Build | Farm |
| 27:56 | Build | Farm |
| 27:56 | Build | Farm |
| 28:02 | Build | Stone Wall |
| 28:13 | Build | Stone Wall |
| 28:18 | Create | Villager (Male) ×2 |
| 28:25 | Build | Farm |
| 28:25 | Build | Farm |
| 28:26 | Build | Farm |
| 28:26 | Build | Farm |
| 28:26 | Build | Farm |
| 28:31 | Build | Farm |
| 28:31 | Build | Farm |
| 28:31 | Build | Farm |
| 28:31 | Build | Farm |
| 28:33 | Create | Villager (Male) |
| 28:33 | Create | Villager (Male) |
| 28:52 | Create | Villager (Male) ×2 |
| 29:07 | Build | House |
| 29:08 | Build | House |
| 29:09 | Build | House |
| 29:10 | Build | House |
| 29:12 | Build | House |
| 29:29 | Build | Stone Wall |
| 29:33 | Create | Villager (Male) ×4 |
| 29:33 | Create | Villager (Male) ×4 |
| 29:39 | Build | House |
| 29:39 | Build | House |
| 29:41 | Build | House |
| 29:42 | Build | House |
| 29:44 | Build | House |
| 29:45 | Build | House |
| 29:47 | Build | House |
| 29:53 | Build | Farm |
| 29:54 | Build | Farm |
| 29:59 | Build | Farm |
| 30:05 | Create | Villager (Male) ×3 |
| 30:22 | Build | Castle |
| 30:26 | Create | Villager (Male) ×3 |
| 30:42 | Build | Farm |
| 30:42 | Build | Farm |
| 30:42 | Build | Farm |
| 30:42 | Build | Farm |
| 30:47 | Build | Farm |
| 30:47 | Build | Farm |
Build order — ThePlebWithNoName
First 150 of 4178 actions detected
| 0:02 | Build | House |
| 0:03 | Build | House |
| 0:04 | Create | Villager (Male) |
| 0:04 | Create | Villager (Male) |
| 0:05 | Create | Villager (Male) |
| 0:05 | Create | Villager (Male) |
| 1:26 | Create | Villager (Male) |
| 1:57 | Build | Lumber Camp |
| 2:13 | Create | Villager (Male) |
| 2:13 | Create | Villager (Male) |
| 2:35 | Create | Villager (Male) |
| 2:35 | Create | Villager (Male) |
| 2:56 | Create | Villager (Male) |
| 2:56 | Create | Villager (Male) |
| 3:07 | Create | Villager (Male) |
| 3:10 | Build | House |
| 3:54 | Create | Villager (Male) |
| 3:55 | Create | Villager (Male) |
| 3:55 | Create | Villager (Male) |
| 4:19 | Build | Mill |
| 4:43 | Create | Villager (Male) |
| 5:04 | Create | Villager (Male) |
| 5:04 | Create | Villager (Male) |
| 5:16 | Build | House |
| 5:26 | Create | Villager (Male) |
| 5:49 | Create | Villager (Male) |
| 6:33 | Create | Villager (Male) |
| 6:33 | Create | Villager (Male) |
| 6:47 | Create | Villager (Male) |
| 7:04 | Build | Palisade Wall |
| 7:06 | Build | Palisade Wall |
| 7:08 | Build | Palisade Wall |
| 7:09 | Build | Palisade Wall |
| 7:10 | Create | Villager (Male) |
| 7:50 | Build | Palisade Wall |
| 7:55 | Build | Palisade Wall |
| 7:55 | Create | Villager (Male) |
| 7:56 | Create | Villager (Male) |
| 8:05 | Build | Palisade Wall |
| 8:08 | Build | Palisade Wall |
| 8:21 | Build | Palisade Wall |
| 8:30 | Build | Palisade Wall |
| 8:30 | Create | Villager (Male) |
| 8:31 | Create | Villager (Male) |
| 8:38 | Build | Palisade Wall |
| 8:47 | Build | Mining Camp |
| 8:51 | Build | Palisade Wall |
| 8:59 | Build | Palisade Wall |
| 9:14 | Build | Mining Camp |
| 9:24 | Research | Loom |
| 9:24 | Research | Loom |
| 9:44 | Research | Feudal Age |
| 9:55 | Build | Farm |
| 10:29 | Create | Villager (Male) |
| 11:06 | Build | House |
| 11:11 | Create | Villager (Male) |
| 11:35 | Build | Farm |
| 11:59 | Age | Feudal Age |
| 12:19 | Build | Mining Camp |
| 12:36 | Create | Villager (Male) |
| 13:03 | Create | Villager (Male) |
| 13:12 | Build | Mining Camp |
| 13:44 | Build | Town Center |
| 13:52 | Build | Town Center |
| 14:40 | Build | Market |
| 14:55 | Create | Villager (Male) |
| 14:55 | Create | Villager (Male) |
| 15:22 | Build | Blacksmith |
| 15:40 | Create | Villager (Male) |
| 16:06 | Create | Villager (Male) |
| 16:21 | Build | Farm |
| 17:29 | Research | Castle Age |
| 18:03 | Build | Farm |
| 18:06 | Build | Farm |
| 18:08 | Build | Farm |
| 18:09 | Build | Farm |
| 18:10 | Build | Farm |
| 18:26 | Build | House |
| 18:34 | Build | Farm |
| 18:36 | Build | Farm |
| 18:36 | Build | Farm |
| 18:49 | Research | Double-Bit Axe |
| 18:53 | Create | Villager (Male) |
| 19:42 | Build | Outpost |
| 19:49 | Create | Villager (Male) |
| 19:50 | Create | Villager (Male) |
| 20:09 | Age | Castle Age |
| 20:14 | Build | Krepost |
| 20:26 | Build | Stone Wall |
| 20:29 | Build | Stone Wall |
| 20:34 | Build | Stone Wall |
| 20:38 | Create | Villager (Male) |
| 20:39 | Create | Villager (Male) |
| 20:57 | Build | Town Center |
| 21:03 | Build | Town Center |
| 21:09 | Create | Villager (Male) |
| 21:34 | Create | Villager (Male) |
| 21:51 | Create | Villager (Male) |
| 22:06 | Build | Town Center |
| 22:14 | Create | Villager (Male) |
| 22:19 | Create | Villager (Male) |
| 22:22 | Create | Villager (Male) |
| 22:22 | Create | Villager (Male) |
| 22:24 | Create | Villager (Male) |
| 22:35 | Create | Villager (Male) |
| 22:36 | Create | Villager (Male) |
| 22:48 | Create | Villager (Male) |
| 22:53 | Build | Farm |
| 23:01 | Create | Konnik |
| 23:06 | Create | Villager (Male) |
| 23:20 | Build | Town Center |
| 23:27 | Create | Villager (Male) |
| 23:29 | Create | Villager (Male) |
| 23:40 | Create | Villager (Male) |
| 23:55 | Create | Villager (Male) |
| 24:09 | Create | Villager (Male) |
| 24:09 | Create | Villager (Male) |
| 24:13 | Build | Farm |
| 24:13 | Build | Farm |
| 24:13 | Build | Farm |
| 24:21 | Build | Outpost |
| 24:23 | Create | Villager (Male) |
| 24:23 | Create | Villager (Male) |
| 24:32 | Create | Villager (Male) |
| 24:32 | Create | Villager (Male) |
| 24:44 | Build | Town Center |
| 24:48 | Create | Villager (Male) |
| 24:48 | Create | Villager (Male) |
| 24:54 | Create | Villager (Male) |
| 24:58 | Build | Farm |
| 24:58 | Build | Farm |
| 24:58 | Build | Farm |
| 24:58 | Build | Farm |
| 25:07 | Create | Villager (Male) |
| 25:09 | Create | Villager (Male) |
| 25:09 | Create | Villager (Male) |
| 25:14 | Build | Farm |
| 25:15 | Build | Farm |
| 25:28 | Create | Villager (Male) |
| 25:35 | Build | Farm |
| 25:35 | Build | Farm |
| 25:36 | Create | Villager (Male) |
| 25:42 | Create | Villager (Male) |
| 25:42 | Create | Villager (Male) |
| 25:53 | Build | Stone Wall |
| 25:56 | Create | Villager (Male) |
| 25:58 | Create | Villager (Male) |
| 26:00 | Create | Villager (Male) |
| 26:06 | Build | Farm |
| 26:09 | Create | Villager (Male) |
Build order — Buddyboy
First 150 of 2263 actions detected
| 0:17 | Build | Lumber Camp |
| 0:24 | Create | Villager (Male) |
| 0:24 | Create | Villager (Male) |
| 0:24 | Create | Villager (Male) |
| 0:25 | Create | Villager (Male) |
| 0:25 | Create | Villager (Male) |
| 0:25 | Create | Villager (Male) |
| 0:56 | Build | House |
| 1:01 | Build | House |
| 1:05 | Build | House |
| 1:11 | Build | House |
| 1:15 | Build | House |
| 3:15 | Create | Villager (Male) |
| 3:16 | Create | Villager (Male) |
| 3:16 | Create | Villager (Male) |
| 4:37 | Build | Palisade Wall |
| 4:50 | Create | Villager (Male) |
| 4:50 | Create | Villager (Male) |
| 4:50 | Create | Villager (Male) |
| 4:51 | Create | Villager (Male) |
| 4:51 | Create | Villager (Male) |
| 4:51 | Create | Villager (Male) |
| 6:23 | Create | Villager (Male) |
| 6:24 | Create | Villager (Male) |
| 6:48 | Create | Villager (Male) |
| 7:11 | Build | Palisade Wall |
| 8:51 | Create | Villager (Male) |
| 8:51 | Create | Villager (Male) |
| 8:51 | Create | Villager (Male) |
| 8:52 | Create | Villager (Male) |
| 8:52 | Create | Villager (Male) |
| 8:52 | Create | Villager (Male) |
| 8:53 | Create | Villager (Male) |
| 9:32 | Create | Villager (Male) |
| 9:33 | Create | Villager (Male) |
| 9:33 | Create | Villager (Male) |
| 10:05 | Build | Mill |
| 10:57 | Build | Mill |
| 12:30 | Build | Mining Camp |
| 13:45 | Research | Feudal Age |
| 13:45 | Research | Loom |
| 15:04 | Build | Farm |
| 15:04 | Build | Farm |
| 15:05 | Build | Farm |
| 15:05 | Build | Farm |
| 15:06 | Build | Farm |
| 15:06 | Build | Farm |
| 15:07 | Build | Farm |
| 15:08 | Build | Farm |
| 15:08 | Build | Farm |
| 15:09 | Build | Farm |
| 15:09 | Build | Farm |
| 15:14 | Build | Farm |
| 15:14 | Build | Farm |
| 15:15 | Build | Farm |
| 15:15 | Build | Farm |
| 15:16 | Build | Farm |
| 15:16 | Build | Farm |
| 15:55 | Create | Villager (Male) |
| 15:55 | Age | Feudal Age |
| 15:55 | Create | Villager (Male) |
| 15:55 | Create | Villager (Male) |
| 15:56 | Create | Villager (Male) |
| 15:56 | Create | Villager (Male) |
| 15:56 | Create | Villager (Male) |
| 15:57 | Create | Villager (Male) |
| 15:57 | Create | Villager (Male) |
| 16:11 | Research | Double-Bit Axe |
| 17:02 | Research | Horse Collar |
| 17:27 | Research | Wheelbarrow |
| 18:03 | Research | Gold Mining |
| 18:19 | Build | House |
| 18:20 | Build | House |
| 18:20 | Build | House |
| 18:21 | Build | House |
| 18:21 | Build | House |
| 18:22 | Build | House |
| 18:22 | Build | House |
| 18:23 | Build | House |
| 18:24 | Build | House |
| 18:24 | Build | House |
| 18:24 | Build | House |
| 18:42 | Build | Farm |
| 18:51 | Build | Farm |
| 18:59 | Build | Farm |
| 19:26 | Build | House |
| 19:30 | Build | House |
| 20:06 | Research | Stone Mining |
| 20:31 | Build | Farm |
| 20:37 | Build | Farm |
| 21:10 | Build | Blacksmith |
| 21:25 | Build | Farm |
| 22:06 | Build | Market |
| 23:08 | Research | Castle Age |
| 23:09 | Research | Town Watch |
| 24:25 | Build | Lumber Camp |
| 24:38 | Create | Villager (Male) |
| 24:38 | Create | Villager (Male) |
| 24:39 | Create | Villager (Male) |
| 24:39 | Create | Villager (Male) |
| 24:39 | Create | Villager (Male) |
| 24:40 | Create | Villager (Male) |
| 24:40 | Create | Villager (Male) |
| 24:41 | Create | Villager (Male) |
| 24:41 | Create | Villager (Male) |
| 24:41 | Create | Villager (Male) |
| 24:42 | Create | Villager (Male) |
| 24:42 | Create | Villager (Male) |
| 24:43 | Create | Villager (Male) |
| 24:43 | Create | Villager (Male) |
| 25:11 | Build | House |
| 25:15 | Build | House |
| 25:20 | Build | House |
| 25:25 | Build | House |
| 25:30 | Build | House |
| 25:35 | Build | House |
| 25:41 | Build | House |
| 25:48 | Age | Castle Age |
| 25:54 | Research | Heavy Plow |
| 25:57 | Research | Hand Cart |
| 26:00 | Research | Gold Shaft Mining |
| 26:07 | Research | Bow Saw |
| 27:51 | Build | Town Center |
| 28:14 | Build | Town Center |
| 28:40 | Build | Monastery |
| 29:09 | Research | Town Patrol |
| 29:37 | Build | Siege Workshop |
| 30:01 | Build | Farm |
| 30:05 | Build | Farm |
| 30:09 | Build | Farm |
| 30:42 | Create | Villager (Male) |
| 30:43 | Create | Villager (Male) |
| 30:43 | Create | Villager (Male) |
| 30:44 | Create | Villager (Male) |
| 30:44 | Create | Villager (Male) |
| 30:44 | Create | Villager (Male) |
| 30:45 | Create | Villager (Male) |
| 30:45 | Create | Villager (Male) |
| 30:46 | Create | Villager (Male) |
| 31:04 | Build | Farm |
| 31:09 | Build | Farm |
| 31:14 | Build | Farm |
| 31:20 | Build | Farm |
| 31:25 | Build | Farm |
| 31:29 | Build | Farm |
| 31:41 | Build | Farm |
| 31:46 | Build | Farm |
| 32:18 | Build | Farm |
| 32:24 | Build | Farm |
| 32:29 | Build | Farm |
Build order — gabrieldemarmiesse
First 150 of 1808 actions detected
| 0:02 | Create | Villager (Male) |
| 0:02 | Create | Villager (Male) |
| 0:03 | Create | Villager (Male) |
| 0:03 | Create | Villager (Male) |
| 0:06 | Build | House |
| 0:08 | Build | House |
| 1:22 | Research | Loom |
| 1:35 | Create | Villager (Male) |
| 2:16 | Create | Villager (Male) |
| 2:30 | Create | Villager (Male) |
| 3:06 | Create | Villager (Male) |
| 3:42 | Build | Lumber Camp |
| 3:48 | Create | Villager (Male) |
| 3:56 | Build | House |
| 4:08 | Create | Villager (Male) |
| 4:09 | Create | Villager (Male) |
| 4:36 | Create | Villager (Male) |
| 4:58 | Build | Palisade Wall |
| 5:05 | Create | Villager (Male) |
| 5:32 | Build | House |
| 5:39 | Create | Villager (Male) |
| 6:10 | Create | Villager (Male) |
| 6:17 | Build | House |
| 6:18 | Build | House |
| 6:21 | Create | Villager (Male) |
| 6:41 | Build | Palisade Wall |
| 6:45 | Build | Palisade Wall |
| 6:50 | Create | Villager (Male) |
| 7:07 | Build | Mining Camp |
| 7:10 | Create | Villager (Male) |
| 7:22 | Build | House |
| 7:24 | Build | Palisade Wall |
| 7:27 | Create | Villager (Male) |
| 7:59 | Create | Villager (Male) |
| 8:00 | Create | Villager (Male) |
| 8:07 | Build | Palisade Wall |
| 8:21 | Create | Villager (Male) |
| 8:30 | Build | Mill |
| 8:38 | Create | Villager (Male) |
| 9:08 | Build | House |
| 9:11 | Build | House |
| 9:13 | Build | Palisade Wall |
| 9:21 | Create | Villager (Male) |
| 9:28 | Build | Palisade Wall |
| 9:40 | Research | Feudal Age |
| 10:47 | Build | Mining Camp |
| 11:56 | Age | Feudal Age |
| 11:58 | Create | Villager (Male) |
| 11:58 | Create | Villager (Male) |
| 12:03 | Build | Market |
| 12:05 | Build | Blacksmith |
| 12:09 | Create | Villager (Male) |
| 12:50 | Create | Villager (Male) |
| 13:19 | Research | Castle Age |
| 14:15 | Build | Stone Wall |
| 14:22 | Build | Stone Wall |
| 14:30 | Build | Stone Wall |
| 14:34 | Build | Stone Wall |
| 15:39 | Research | Double-Bit Axe |
| 15:40 | Research | Horse Collar |
| 15:52 | Create | Villager (Male) |
| 15:52 | Create | Villager (Male) |
| 15:59 | Age | Castle Age |
| 16:14 | Build | Town Center |
| 16:41 | Research | Bow Saw |
| 16:42 | Research | Heavy Plow |
| 16:57 | Create | Villager (Male) |
| 17:00 | Build | Town Center |
| 17:17 | Create | Villager (Male) |
| 17:36 | Build | Monastery |
| 17:39 | Create | Villager (Male) |
| 17:53 | Create | Villager (Male) |
| 18:06 | Build | Town Center |
| 18:08 | Create | Villager (Male) |
| 18:08 | Create | Villager (Male) |
| 18:18 | Build | House |
| 18:21 | Create | Villager (Male) |
| 18:23 | Create | Monk |
| 18:37 | Create | Villager (Male) |
| 18:37 | Create | Villager (Male) |
| 18:41 | Build | Farm |
| 18:42 | Build | Farm |
| 18:42 | Build | Farm |
| 18:42 | Build | Farm |
| 18:42 | Build | Farm |
| 18:42 | Build | Farm |
| 18:43 | Build | Farm |
| 18:43 | Build | Farm |
| 18:43 | Build | Farm |
| 18:43 | Build | Farm |
| 18:56 | Create | Villager (Male) |
| 19:08 | Build | Farm |
| 19:09 | Build | Farm |
| 19:16 | Build | Farm |
| 19:26 | Create | Villager (Male) |
| 19:31 | Build | Farm |
| 19:32 | Build | Farm |
| 19:32 | Build | Farm |
| 19:46 | Build | Farm |
| 19:47 | Build | Farm |
| 19:49 | Build | Farm |
| 19:50 | Create | Villager (Male) |
| 19:57 | Create | Villager (Male) |
| 20:00 | Build | Farm |
| 20:06 | Build | Farm |
| 20:07 | Create | Villager (Male) |
| 20:15 | Build | Farm |
| 20:16 | Build | Farm |
| 20:18 | Create | Villager (Male) |
| 20:24 | Build | Farm |
| 20:29 | Build | Farm |
| 20:30 | Create | Villager (Male) |
| 20:36 | Create | Villager (Male) |
| 20:40 | Build | Farm |
| 20:42 | Create | Villager (Male) |
| 20:50 | Build | Farm |
| 20:51 | Create | Villager (Male) |
| 20:59 | Create | Villager (Male) |
| 21:03 | Build | Farm |
| 21:06 | Create | Villager (Male) |
| 21:12 | Create | Villager (Male) |
| 21:20 | Create | Villager (Male) |
| 21:20 | Create | Villager (Male) |
| 21:27 | Build | Farm |
| 21:29 | Create | Villager (Male) |
| 21:38 | Build | Stone Wall |
| 21:39 | Create | Villager (Male) |
| 21:40 | Create | Villager (Male) |
| 21:48 | Create | Villager (Male) |
| 21:51 | Create | Villager (Male) |
| 21:54 | Build | Farm |
| 21:56 | Build | Farm |
| 21:57 | Create | Villager (Male) |
| 22:09 | Build | Farm |
| 22:09 | Build | Farm |
| 22:09 | Build | Farm |
| 22:10 | Build | Farm |
| 22:10 | Build | Farm |
| 22:10 | Build | Farm |
| 22:10 | Build | Farm |
| 22:11 | Build | Farm |
| 22:11 | Build | Farm |
| 22:11 | Build | Farm |
| 22:11 | Build | Farm |
| 22:13 | Create | Villager (Male) |
| 22:14 | Create | Villager (Male) |
| 22:17 | Create | Villager (Male) |
| 22:24 | Build | Mining Camp |
| 22:25 | Create | Villager (Male) |
| 22:31 | Create | Villager (Male) |
Build order — superflurry
First 150 of 557 actions detected
| 0:00 | Create | Villager (Male) |
| 0:02 | Build | House |
| 0:03 | Build | House |
| 0:07 | Create | Villager (Male) |
| 0:20 | Create | Villager (Male) |
| 0:21 | Create | Villager (Male) |
| 0:21 | Create | Villager (Male) |
| 1:23 | Build | Lumber Camp |
| 1:27 | Create | Villager (Male) |
| 1:27 | Create | Villager (Male) |
| 2:01 | Create | Villager (Male) |
| 2:01 | Create | Villager (Male) |
| 2:26 | Create | Villager (Male) |
| 2:26 | Create | Villager (Male) |
| 2:53 | Create | Villager (Male) |
| 3:12 | Create | Villager (Male) |
| 3:13 | Create | Villager (Male) |
| 3:42 | Create | Villager (Male) |
| 3:55 | Build | House |
| 4:15 | Create | Villager (Male) |
| 4:15 | Create | Villager (Male) |
| 4:34 | Build | House |
| 4:42 | Create | Villager (Male) |
| 4:42 | Create | Villager (Male) |
| 4:53 | Create | Villager (Male) |
| 4:53 | Create | Villager (Male) |
| 5:13 | Build | Dock |
| 5:47 | Create | Villager (Male) |
| 5:47 | Create | Villager (Male) |
| 5:51 | Build | Mill |
| 6:04 | Create | Fishing Ship |
| 6:37 | Build | House |
| 6:45 | Create | Villager (Male) |
| 6:57 | Create | Fishing Ship |
| 7:03 | Create | Villager (Male) |
| 7:12 | Research | Loom |
| 7:13 | Create | Villager (Male) |
| 7:13 | Create | Villager (Male) |
| 7:16 | Build | Mining Camp |
| 7:38 | Create | Fishing Ship |
| 7:52 | Build | House |
| 8:10 | Create | Villager (Male) |
| 8:11 | Create | Villager (Male) |
| 8:43 | Create | Fishing Ship |
| 9:11 | Research | Feudal Age |
| 10:25 | Create | Villager (Male) |
| 10:25 | Create | Villager (Male) |
| 10:51 | Create | Fishing Ship |
| 11:27 | Age | Feudal Age |
| 11:29 | Build | Market |
| 11:31 | Build | Blacksmith |
| 12:03 | Research | Double-Bit Axe |
| 12:09 | Build | House |
| 12:10 | Build | House |
| 12:11 | Build | House |
| 12:22 | Research | Castle Age |
| 12:23 | Research | Horse Collar |
| 14:34 | Create | Villager (Male) |
| 14:34 | Create | Villager (Male) |
| 14:34 | Research | Wheelbarrow |
| 14:40 | Build | Fish Trap |
| 14:42 | Build | Fish Trap |
| 14:45 | Build | Fish Trap |
| 14:50 | Build | Fish Trap |
| 14:53 | Build | Fish Trap |
| 15:02 | Age | Castle Age |
| 15:04 | Build | Town Center |
| 15:06 | Research | Bow Saw |
| 15:18 | Create | Fishing Ship |
| 16:02 | Build | Fish Trap |
| 16:02 | Create | Fishing Ship |
| 16:19 | Create | Villager (Male) |
| 16:38 | Research | Stone Mining |
| 16:47 | Create | Villager (Male) |
| 16:51 | Create | Fishing Ship |
| 16:53 | Build | Fish Trap |
| 17:02 | Build | Town Center |
| 17:07 | Create | Villager (Male) |
| 17:16 | Create | Villager (Male) |
| 17:31 | Create | Fishing Ship |
| 17:34 | Build | Fish Trap |
| 17:44 | Create | Villager (Male) |
| 17:44 | Create | Villager (Male) |
| 17:53 | Build | House |
| 17:53 | Build | House |
| 18:02 | Create | Villager (Male) |
| 18:09 | Research | Tech 906 |
| 18:15 | Build | Fish Trap |
| 18:24 | Create | Villager (Male) |
| 18:24 | Create | Villager (Male) |
| 18:25 | Create | Villager (Male) |
| 18:26 | Create | Villager (Male) |
| 18:28 | Create | Villager (Male) |
| 18:31 | Create | Villager (Male) |
| 18:31 | Create | Villager (Male) |
| 18:31 | Create | Villager (Male) |
| 18:52 | Build | Dock |
| 18:55 | Create | Villager (Male) |
| 18:55 | Create | Villager (Male) |
| 18:58 | Create | Fishing Ship |
| 19:09 | Build | Farm |
| 19:10 | Build | Farm |
| 19:11 | Build | Farm |
| 19:12 | Build | Farm |
| 19:17 | Create | Villager (Male) |
| 19:17 | Create | Villager (Male) |
| 19:18 | Create | Villager (Male) |
| 19:21 | Create | Villager (Male) |
| 19:24 | Build | House |
| 19:25 | Build | House |
| 19:32 | Build | Farm |
| 19:39 | Create | Fishing Ship |
| 19:44 | Build | Fish Trap |
| 19:44 | Create | Fishing Ship |
| 19:50 | Build | House |
| 19:51 | Build | House |
| 19:55 | Create | Villager (Male) |
| 19:55 | Create | Villager (Male) |
| 19:58 | Build | Farm |
| 20:22 | Create | Villager (Male) |
| 20:22 | Create | Villager (Male) |
| 20:25 | Build | Farm |
| 20:29 | Build | Fish Trap |
| 20:31 | Build | Fish Trap |
| 20:33 | Create | Fishing Ship |
| 20:33 | Create | Fishing Ship |
| 20:34 | Create | Villager (Male) |
| 20:35 | Create | Villager (Male) |
| 20:37 | Build | House |
| 20:38 | Build | House |
| 20:40 | Create | Villager (Male) |
| 20:43 | Create | Villager (Male) |
| 20:47 | Build | House |
| 20:51 | Build | Farm |
| 20:54 | Create | Villager (Male) |
| 20:54 | Create | Villager (Male) |
| 21:01 | Build | Town Center |
| 21:09 | Create | Villager (Male) |
| 21:12 | Research | Gold Mining |
| 21:19 | Create | Villager (Male) |
| 21:22 | Build | Farm |
| 21:24 | Create | Villager (Male) |
| 21:29 | Build | Fish Trap |
| 21:36 | Build | Fish Trap |
| 21:38 | Create | Fishing Ship |
| 21:38 | Create | Fishing Ship |
| 21:39 | Create | Villager (Male) |
| 21:40 | Create | Villager (Male) |
| 21:44 | Create | Villager (Male) |
| 21:44 | Create | Villager (Male) |
Build order — KUZEY
First 150 of 339 actions detected
| 0:05 | Research | Loom |
| 0:06 | Create | Villager (Male) |
| 0:06 | Create | Villager (Male) |
| 0:06 | Create | Villager (Male) |
| 0:06 | Create | Villager (Male) |
| 0:06 | Create | Villager (Male) |
| 0:14 | Build | House |
| 0:15 | Build | House |
| 1:06 | Build | Palisade Wall |
| 1:36 | Build | Palisade Wall |
| 3:13 | Build | Outpost |
| 3:18 | Create | Villager (Male) |
| 3:19 | Create | Villager (Male) |
| 3:58 | Build | Mill |
| 4:14 | Create | Villager (Male) |
| 4:56 | Create | Villager (Male) |
| 4:57 | Create | Villager (Male) |
| 5:34 | Create | Villager (Male) |
| 5:47 | Build | House |
| 5:48 | Build | House |
| 8:10 | Build | Lumber Camp |
| 9:27 | Research | Feudal Age |
| 11:37 | Age | Feudal Age |
| 11:41 | Research | Wheelbarrow |
| 11:42 | Create | Villager (Male) |
| 11:43 | Create | Villager (Male) |
| 11:44 | Create | Villager (Male) |
| 13:32 | Build | Mining Camp |
| 13:54 | Create | Villager (Male) |
| 13:55 | Create | Villager (Male) |
| 14:41 | Create | Villager (Male) |
| 15:35 | Research | Double-Bit Axe |
| 15:41 | Create | Villager (Male) |
| 15:42 | Create | Villager (Male) |
| 16:44 | Create | Villager (Male) |
| 16:48 | Create | Villager (Male) |
| 17:46 | Create | Villager (Male) |
| 18:49 | Create | Villager (Male) |
| 18:57 | Build | House |
| 18:58 | Build | House |
| 19:00 | Build | House |
| 19:42 | Build | Farm |
| 19:44 | Build | Farm |
| 19:45 | Build | Farm |
| 19:46 | Build | Farm |
| 19:49 | Build | Farm |
| 19:50 | Build | Farm |
| 19:57 | Build | Farm |
| 19:58 | Build | Farm |
| 20:00 | Build | Farm |
| 20:02 | Build | Farm |
| 20:03 | Build | Farm |
| 20:21 | Build | Market |
| 20:38 | Create | Villager (Male) |
| 20:44 | Research | Gold Mining |
| 20:56 | Build | Farm |
| 21:06 | Build | Farm |
| 21:13 | Build | Farm |
| 21:43 | Build | Blacksmith |
| 21:58 | Create | Villager (Male) |
| 22:32 | Research | Castle Age |
| 22:49 | Build | Barracks |
| 23:17 | Research | Horse Collar |
| 23:27 | Research | Stone Mining |
| 24:22 | Build | Barracks |
| 24:28 | Research | Arson |
| 25:12 | Age | Castle Age |
| 25:22 | Build | Town Center |
| 25:32 | Research | Hand Cart |
| 25:33 | Create | Villager (Male) |
| 25:33 | Create | Villager (Male) |
| 25:34 | Create | Villager (Male) |
| 25:51 | Research | Gold Shaft Mining |
| 26:09 | Create | Villager (Male) |
| 26:09 | Create | Villager (Male) |
| 26:10 | Create | Villager (Male) |
| 26:19 | Create | Villager (Male) |
| 26:50 | Build | Archery Range |
| 27:25 | Build | Mining Camp |
| 27:32 | Research | Bow Saw |
| 27:48 | Build | Farm |
| 27:54 | Create | Villager (Male) |
| 27:55 | Create | Villager (Male) |
| 28:15 | Build | Farm |
| 28:18 | Research | Heavy Plow |
| 28:24 | Create | Villager (Male) |
| 28:25 | Create | Villager (Male) |
| 28:44 | Build | Stone Wall |
| 28:51 | Build | Gate |
| 29:19 | Create | Villager (Male) |
| 29:31 | Create | Villager (Male) |
| 29:31 | Create | Villager (Male) |
| 29:36 | Create | Villager (Male) |
| 29:36 | Create | Villager (Male) |
| 29:38 | Research | Town Watch |
| 29:58 | Build | Farm |
| 30:24 | Build | Farm |
| 30:36 | Build | Farm |
| 30:39 | Create | Villager (Male) |
| 30:39 | Create | Villager (Male) |
| 30:50 | Build | Farm |
| 31:10 | Build | House |
| 31:12 | Build | House |
| 31:13 | Build | House |
| 31:14 | Build | House |
| 31:15 | Build | House |
| 31:16 | Build | House |
| 31:38 | Build | Siege Workshop |
| 31:51 | Build | Farm |
| 32:07 | Create | Villager (Male) |
| 32:13 | Research | Town Patrol |
| 32:55 | Build | Farm |
| 33:03 | Create | Villager (Male) |
| 33:03 | Create | Villager (Male) |
| 33:13 | Create | Villager (Male) |
| 33:14 | Create | Villager (Male) |
| 33:14 | Create | Villager (Male) |
| 33:26 | Build | University |
| 33:31 | Build | Monastery |
| 34:04 | Build | Farm |
| 34:26 | Build | House |
| 34:28 | Build | House |
| 34:30 | Build | House |
| 34:31 | Build | House |
| 34:32 | Build | House |
| 34:33 | Build | House |
| 34:50 | Research | Imperial Age |
| 34:59 | Create | Villager (Male) |
| 35:11 | Build | Outpost |
| 35:29 | Research | Forging |
| 35:29 | Research | Padded Archer Armor |
| 35:55 | Research | Treadmill Crane |
| 35:57 | Research | Masonry |
| 35:59 | Research | Ballistics |
| 36:03 | Research | Guard Tower (upgrade) |
| 36:22 | Build | Stable |
| 36:43 | Build | Stone Wall |
| 36:50 | Build | Gate |
| 37:00 | Create | Villager (Male) |
| 37:00 | Create | Villager (Male) |
| 37:00 | Create | Villager (Male) |
| 37:01 | Create | Villager (Male) |
| 37:32 | Build | Castle |
| 37:51 | Build | Stable |
| 37:54 | Build | Stable |
| 37:58 | Build | Stable |
| 38:00 | Age | Imperial Age |
| 38:14 | Build | Farm |
| 38:17 | Create | Villager (Male) |
| 38:17 | Create | Villager (Male) |
Build order — Fire_Drake_Of_Gondolin
First 150 of 520 actions detected
| 0:04 | Create | Villager (Male) ×4 |
| 0:04 | Create | Villager (Male) ×4 |
| 0:16 | Build | House |
| 0:18 | Build | House |
| 0:19 | Build | House |
| 0:43 | Build | Palisade Wall |
| 1:50 | Create | Villager (Male) |
| 1:51 | Create | Villager (Male) |
| 2:09 | Build | Palisade Wall |
| 2:31 | Build | Palisade Wall |
| 2:39 | Create | Villager (Male) |
| 3:16 | Research | Loom |
| 4:13 | Build | Lumber Camp |
| 4:15 | Create | Villager (Male) |
| 4:30 | Build | Palisade Wall |
| 4:34 | Create | Villager (Male) |
| 4:34 | Create | Villager (Male) |
| 5:20 | Create | Villager (Male) |
| 6:19 | Build | Mill |
| 6:31 | Create | Villager (Male) |
| 6:31 | Create | Villager (Male) |
| 7:21 | Build | Palisade Wall |
| 7:27 | Create | Villager (Male) |
| 7:27 | Create | Villager (Male) |
| 8:00 | Create | Villager (Male) ×2 |
| 8:52 | Create | Villager (Male) |
| 9:20 | Create | Villager (Male) |
| 9:37 | Build | Dock |
| 9:40 | Create | Villager (Male) ×4 |
| 10:13 | Build | House |
| 10:20 | Build | House |
| 11:07 | Build | Mill |
| 11:10 | Create | Villager (Male) ×5 |
| 11:22 | Create | Fishing Ship |
| 11:22 | Create | Fishing Ship |
| 11:45 | Create | Villager (Male) |
| 12:19 | Create | Villager (Male) ×5 |
| 12:41 | Research | Feudal Age |
| 14:05 | Create | Villager (Male) ×5 |
| 14:07 | Create | Villager (Male) |
| 14:08 | Create | Villager (Male) ×5 |
| 14:45 | Build | Mining Camp |
| 14:51 | Age | Feudal Age |
| 14:57 | Create | Villager (Male) ×3 |
| 14:57 | Create | Villager (Male) ×3 |
| 15:16 | Create | Villager (Male) |
| 15:23 | Research | Double-Bit Axe |
| 15:57 | Build | Barracks |
| 16:12 | Build | Stone Wall |
| 16:24 | Build | Stone Wall |
| 16:37 | Build | Stone Wall |
| 16:40 | Create | Villager (Male) ×4 |
| 17:04 | Build | House |
| 17:05 | Build | House |
| 17:07 | Build | House |
| 17:08 | Build | House |
| 18:00 | Create | Villager (Male) |
| 18:22 | Build | Archery Range |
| 18:51 | Build | Farm |
| 18:52 | Build | Farm |
| 19:15 | Research | Wheelbarrow |
| 19:25 | Create | Villager (Male) ×3 |
| 19:45 | Build | Mining Camp |
| 20:00 | Create | Villager (Male) |
| 20:24 | Research | Horse Collar |
| 20:35 | Create | Villager (Male) |
| 20:54 | Build | Farm |
| 21:01 | Build | Farm |
| 21:14 | Build | Farm |
| 21:15 | Build | Farm |
| 21:17 | Build | Farm |
| 21:18 | Build | Farm |
| 21:21 | Build | Farm |
| 21:40 | Build | Farm |
| 21:42 | Build | Farm |
| 21:52 | Create | Villager (Male) ×3 |
| 22:12 | Build | Blacksmith |
| 22:20 | Build | Farm |
| 22:23 | Create | Villager (Male) |
| 22:23 | Create | Villager (Male) |
| 22:34 | Build | Farm |
| 22:40 | Build | Farm |
| 22:50 | Create | Villager (Male) |
| 23:08 | Build | Stone Wall |
| 23:32 | Build | Farm |
| 23:34 | Build | Farm |
| 23:36 | Build | Farm |
| 23:37 | Build | Farm |
| 23:38 | Build | Farm |
| 23:40 | Build | Farm |
| 23:42 | Build | Farm |
| 24:05 | Research | Castle Age |
| 24:14 | Create | Villager (Male) ×5 |
| 24:27 | Build | Mill |
| 24:37 | Create | Fishing Ship |
| 24:37 | Create | Fishing Ship |
| 24:38 | Create | Fishing Ship |
| 24:59 | Build | Farm |
| 25:02 | Create | Villager (Male) ×5 |
| 25:19 | Build | Outpost |
| 25:32 | Build | Outpost |
| 25:48 | Build | Mining Camp |
| 25:51 | Create | Villager (Male) ×4 |
| 26:15 | Build | Fish Trap |
| 26:20 | Build | Fish Trap |
| 26:45 | Age | Castle Age |
| 27:13 | Create | Villager (Male) ×2 |
| 27:13 | Create | Villager (Male) ×2 |
| 27:13 | Create | Villager (Male) ×2 |
| 27:20 | Build | House |
| 27:21 | Build | House |
| 28:10 | Create | Villager (Male) ×2 |
| 28:49 | Build | Town Center |
| 28:54 | Create | Villager (Male) |
| 29:09 | Build | Fish Trap |
| 29:21 | Create | Villager (Male) |
| 29:38 | Create | Villager (Male) ×5 |
| 29:39 | Create | Villager (Male) ×5 |
| 29:39 | Create | Villager (Male) ×5 |
| 29:51 | Create | Villager (Male) ×2 |
| 30:22 | Build | Lumber Camp |
| 30:27 | Create | Villager (Male) |
| 31:07 | Create | Villager (Male) ×2 |
| 31:12 | Build | Fish Trap |
| 31:19 | Create | Fishing Ship |
| 31:19 | Create | Fishing Ship |
| 31:20 | Create | Fishing Ship |
| 31:38 | Build | House |
| 31:39 | Build | House |
| 31:41 | Build | House |
| 31:50 | Create | Villager (Male) ×2 |
| 31:50 | Create | Villager (Male) ×2 |
| 32:06 | Create | Villager (Male) ×4 |
| 32:31 | Build | Fish Trap |
| 32:38 | Build | Town Center |
| 32:55 | Build | Monastery |
| 33:16 | Build | Fish Trap |
| 33:35 | Create | Villager (Male) ×5 |
| 33:37 | Create | Villager (Male) |
| 33:52 | Create | Villager (Male) ×5 |
| 33:52 | Create | Villager (Male) ×5 |
| 33:52 | Create | Villager (Male) ×5 |
| 34:01 | Build | Farm |
| 34:20 | Create | Villager (Male) ×2 |
| 34:20 | Create | Villager (Male) ×2 |
| 34:20 | Create | Villager (Male) ×2 |
| 34:24 | Create | Villager (Male) ×2 |
| 34:24 | Create | Villager (Male) ×2 |
| 34:45 | Create | Villager (Male) ×2 |
| 34:57 | Build | Town Center |
Match timeline
| 0:43 | Fire_Drake_Of_Gondolin · wall_segment Palisade Wall x11 |
| 1:06 | KUZEY · wall_segment Palisade Wall x10 |
| 1:36 | KUZEY · wall_segment Palisade Wall x16 |
| 2:09 | Fire_Drake_Of_Gondolin · wall_segment Palisade Wall x16 |
| 2:31 | Fire_Drake_Of_Gondolin · wall_segment Palisade Wall x12 |
| 4:30 | Fire_Drake_Of_Gondolin · wall_segment Palisade Wall x13 |
| 4:37 | Buddyboy · wall_segment Palisade Wall x14 |
| 4:58 | gabrieldemarmiesse · wall_segment Palisade Wall x8 |
| 5:13 | superflurry · first_building Dock |
| 6:41 | gabrieldemarmiesse · wall_segment Palisade Wall x7 |
| 6:45 | gabrieldemarmiesse · wall_segment Palisade Wall x8 |
| 7:04 | ThePlebWithNoName · wall_segment Palisade Wall x1 |
| 7:05 | Anny · wall_segment Palisade Wall x13 |
| 7:06 | ThePlebWithNoName · wall_segment Palisade Wall x1 |
| 7:08 | ThePlebWithNoName · wall_segment Palisade Wall x1 |
| 7:09 | ThePlebWithNoName · wall_segment Palisade Wall x1 |
| 7:11 | Buddyboy · wall_segment Palisade Wall x13 |
| 7:21 | Fire_Drake_Of_Gondolin · wall_segment Palisade Wall x9 |
| 7:24 | gabrieldemarmiesse · wall_segment Palisade Wall x3 |
| 7:50 | ThePlebWithNoName · wall_segment Palisade Wall x1 |
| 7:55 | ThePlebWithNoName · wall_segment Palisade Wall x1 |
| 7:58 | Anny · wall_segment Palisade Wall x14 |
| 8:05 | ThePlebWithNoName · wall_segment Palisade Wall x1 |
| 8:07 | gabrieldemarmiesse · wall_segment Palisade Wall x11 |
| 8:08 | ThePlebWithNoName · wall_segment Palisade Wall x1 |
| 8:21 | ThePlebWithNoName · wall_segment Palisade Wall x1 |
| 8:30 | ThePlebWithNoName · wall_segment Palisade Wall x2 |
| 8:38 | ThePlebWithNoName · wall_segment Palisade Wall x1 |
| 8:51 | ThePlebWithNoName · wall_segment Palisade Wall x1 |
| 8:59 | ThePlebWithNoName · wall_segment Palisade Wall x1 |
| 9:13 | gabrieldemarmiesse · wall_segment Palisade Wall x2 |
| 9:28 | gabrieldemarmiesse · wall_segment Palisade Wall x9 |
| 9:37 | Fire_Drake_Of_Gondolin · first_building Dock |
| 11:27 | superflurry · age_up feudal |
| 11:37 | KUZEY · age_up feudal |
| 11:56 | gabrieldemarmiesse · age_up feudal |
| 11:59 | ThePlebWithNoName · age_up feudal |
| 12:24 | Niquito7 · age_up feudal |
| 12:27 | Anny · age_up feudal |
| 12:40 | Anny · wall_segment Stone Wall x1 |
| 12:41 | Anny · wall_segment Stone Wall x1 |
| 12:46 | Anny · wall_segment Stone Wall x1 |
| 12:48 | Anny · wall_segment Stone Wall x1 |
| 12:59 | Anny · wall_segment Stone Wall x6 |
| 13:06 | Anny · wall_segment Stone Wall x4 |
| 13:18 | Anny · wall_segment Stone Wall x2 |
| 13:39 | Anny · wall_segment Stone Wall x1 |
| 14:15 | gabrieldemarmiesse · wall_segment Stone Wall x8 |
| 14:22 | gabrieldemarmiesse · wall_segment Stone Wall x1 |
| 14:26 | Anny · wall_segment Palisade Wall x1 |
| 14:30 | gabrieldemarmiesse · wall_segment Stone Wall x2 |
| 14:34 | gabrieldemarmiesse · wall_segment Stone Wall x12 |
| 14:36 | Anny · wall_segment Stone Wall x2 |
| 14:41 | Anny · wall_segment Stone Wall x3 |
| 14:51 | Fire_Drake_Of_Gondolin · age_up feudal |
| 15:02 | superflurry · age_up castle |
| 15:27 | ThePlebWithNoName · first_market_buy 100 food |
| 15:33 | Anny · wall_segment Palisade Wall x1 |
| 15:39 | Anny · wall_segment Palisade Wall x1 |
| 15:42 | Anny · wall_segment Palisade Wall x1 |
| 15:45 | Anny · wall_segment Palisade Wall x1 |
| 15:48 | Anny · wall_segment Palisade Wall x1 |
| 15:50 | Anny · wall_segment Palisade Wall x1 |
| 15:55 | Buddyboy · age_up feudal |
| 15:57 | Niquito7 · age_up castle |
| 15:57 | Fire_Drake_Of_Gondolin · first_building Barracks |
| 15:59 | gabrieldemarmiesse · age_up castle |
| 16:12 | Fire_Drake_Of_Gondolin · wall_segment Stone Wall x20 |
| 16:24 | Fire_Drake_Of_Gondolin · wall_segment Stone Wall x8 |
| 16:37 | Fire_Drake_Of_Gondolin · wall_segment Stone Wall x14 |
| 16:44 | gabrieldemarmiesse · first_market_buy 100 wood |
| 17:11 | Anny · wall_segment Stone Wall x1 |
| 17:36 | gabrieldemarmiesse · first_building Monastery |
| 18:01 | Anny · wall_segment Stone Wall x14 |
| 18:22 | Fire_Drake_Of_Gondolin · first_building Archery Range |
| 20:09 | ThePlebWithNoName · age_up castle |
| 20:14 | ThePlebWithNoName · first_building Krepost |
| 20:26 | Niquito7 · first_market_buy 100 stone |
| 20:26 | ThePlebWithNoName · wall_segment Stone Wall x1 |
| 20:29 | ThePlebWithNoName · wall_segment Stone Wall x1 |
| 20:34 | ThePlebWithNoName · wall_segment Stone Wall x1 |
| 20:51 | Anny · wall_segment Palisade Wall x1 |
| 21:01 | Anny · wall_segment Stone Wall x1 |
| 21:02 | Anny · wall_segment Stone Wall x1 |
| 21:04 | Anny · wall_segment Stone Wall x1 |
| 21:38 | gabrieldemarmiesse · wall_segment Stone Wall x8 |
| 22:17 | Anny · age_up castle |
| 22:31 | superflurry · wall_segment Stone Wall x11 |
| 22:39 | superflurry · wall_segment Stone Wall x7 |
| 22:49 | KUZEY · first_building Barracks |
| 22:49 | superflurry · first_building Castle |
| 23:08 | Fire_Drake_Of_Gondolin · wall_segment Stone Wall x15 |
| 23:20 | Anny · wall_segment Stone Wall x5 |
| 23:31 | Anny · first_market_buy 100 stone |
| 24:16 | Anny · wall_segment Stone Wall x3 |
| 24:19 | Anny · wall_segment Stone Wall x4 |
| 24:36 | Anny · first_building Siege Workshop |
| 25:12 | KUZEY · age_up castle |
| 25:18 | Niquito7 · first_building Monastery |
| 25:48 | Buddyboy · age_up castle |
| 25:53 | ThePlebWithNoName · wall_segment Stone Wall x7 |
| 25:58 | superflurry · first_building Barracks |
| 26:17 | Niquito7 · wall_segment Stone Wall x8 |
| 26:45 | Fire_Drake_Of_Gondolin · age_up castle |
| 26:50 | KUZEY · first_building Archery Range |
| 26:57 | superflurry · first_building Stable |
| 27:22 | superflurry · wall_segment Stone Wall x9 |
| 27:23 | Niquito7 · wall_segment Stone Wall x13 |
| 27:31 | Anny · wall_segment Stone Wall x13 |
| 28:01 | Buddyboy · first_market_buy 100 wood |
| 28:02 | Anny · wall_segment Stone Wall x1 |
| 28:04 | Niquito7 · wall_segment Stone Wall x10 |
| 28:13 | Anny · wall_segment Stone Wall x1 |
| 28:15 | gabrieldemarmiesse · first_building Siege Workshop |
| 28:19 | gabrieldemarmiesse · first_building Barracks |
| 28:24 | superflurry · first_building Monastery |
| 28:29 | Niquito7 · first_building Castle |
| 28:40 | Buddyboy · first_building Monastery |
| 28:44 | KUZEY · wall_segment Stone Wall x9 |
| 29:07 | gabrieldemarmiesse · first_building Stable |
| 29:11 | Niquito7 · first_market_sell 500 wood |
| 29:19 | superflurry · first_building Siege Workshop |
| 29:29 | Anny · wall_segment Stone Wall x1 |
| 29:37 | Buddyboy · first_building Siege Workshop |
| 29:41 | superflurry · first_market_sell 500 food |
| 30:22 | Anny · first_building Castle |
| 30:40 | superflurry · first_building Archery Range |
| 30:54 | Niquito7 · first_building Barracks |
| 31:30 | gabrieldemarmiesse · first_building Castle |
| 31:33 | ThePlebWithNoName · first_building Castle |
| 31:38 | KUZEY · first_building Siege Workshop |
| 31:47 | Niquito7 · first_building Stable |
| 31:58 | gabrieldemarmiesse · age_up imperial |
| 32:55 | Fire_Drake_Of_Gondolin · first_building Monastery |
| 32:55 | ThePlebWithNoName · first_building Barracks |
| 33:06 | gabrieldemarmiesse · first_market_sell 100 wood |
| 33:07 | superflurry · age_up imperial |
| 33:31 | KUZEY · first_building Monastery |
| 33:43 | Niquito7 · first_building Siege Workshop |
| 33:44 | Anny · first_building Monastery |
| 33:57 | ThePlebWithNoName · first_building Stable |
| 34:13 | Niquito7 · age_up imperial |
| 34:42 | ThePlebWithNoName · first_building Siege Workshop |
| 36:22 | KUZEY · first_building Stable |
| 36:27 | Fire_Drake_Of_Gondolin · first_building Castle |
| 36:43 | KUZEY · wall_segment Stone Wall x12 |
| 37:17 | Fire_Drake_Of_Gondolin · first_building Stable |
| 37:32 | KUZEY · first_building Castle |
| 37:40 | Fire_Drake_Of_Gondolin · first_building Siege Workshop |
| 37:42 | ThePlebWithNoName · age_up imperial |
| 38:00 | KUZEY · age_up imperial |
| 39:15 | ThePlebWithNoName · first_market_sell 100 wood |
| 40:04 | Anny · first_building Barracks |
| 41:03 | Buddyboy · first_building Barracks |
| 41:21 | Fire_Drake_Of_Gondolin · age_up imperial |
| 41:27 | Anny · wall_segment Stone Wall x16 |
| 41:48 | Anny · age_up imperial |
| 42:20 | Anny · first_building Archery Range |
| 42:44 | Buddyboy · age_up imperial |
| 43:30 | ThePlebWithNoName · first_building Monastery |
| 43:46 | Buddyboy · wall_segment Stone Wall x12 |
| 43:54 | Anny · first_building Stable |
| 44:13 | ThePlebWithNoName · wall_segment Stone Wall x2 |
| 44:14 | ThePlebWithNoName · wall_segment Stone Wall x4 |
| 44:15 | ThePlebWithNoName · wall_segment Stone Wall x9 |
| 44:50 | ThePlebWithNoName · wall_segment Stone Wall x2 |
| 44:52 | ThePlebWithNoName · wall_segment Stone Wall x4 |
| 44:53 | ThePlebWithNoName · wall_segment Stone Wall x9 |
| 45:04 | Buddyboy · wall_segment Stone Wall x10 |
| 45:50 | KUZEY · first_market_buy 100 wood |
| 45:53 | ThePlebWithNoName · wall_segment Stone Wall x2 |
| 47:06 | superflurry · resign |
| 47:49 | Anny · first_market_sell 500 food |
| 48:15 | ThePlebWithNoName · wall_segment Stone Wall x6 |
| 48:17 | ThePlebWithNoName · wall_segment Stone Wall x6 |
| 48:18 | gabrieldemarmiesse · wall_segment Stone Wall x10 |
| 48:19 | ThePlebWithNoName · wall_segment Stone Wall x4 |
| 48:20 | ThePlebWithNoName · wall_segment Stone Wall x1 |
| 49:02 | ThePlebWithNoName · wall_segment Stone Wall x11 |
| 49:15 | Buddyboy · first_building Castle |
| 49:34 | Niquito7 · first_building Archery Range |
| 49:57 | ThePlebWithNoName · wall_segment Stone Wall x2 |
| 50:02 | ThePlebWithNoName · wall_segment Stone Wall x7 |
| 50:51 | ThePlebWithNoName · wall_segment Stone Wall x8 |
| 51:26 | ThePlebWithNoName · wall_segment Stone Wall x11 |
| 51:38 | ThePlebWithNoName · wall_segment Stone Wall x8 |
| 51:40 | ThePlebWithNoName · wall_segment Stone Wall x6 |
| 51:43 | ThePlebWithNoName · wall_segment Stone Wall x6 |
| 51:45 | ThePlebWithNoName · wall_segment Stone Wall x7 |
| 51:47 | ThePlebWithNoName · wall_segment Stone Wall x5 |
| 53:02 | ThePlebWithNoName · wall_segment Stone Wall x3 |
| 53:04 | ThePlebWithNoName · wall_segment Stone Wall x7 |
| 53:09 | ThePlebWithNoName · wall_segment Stone Wall x11 |
| 53:56 | ThePlebWithNoName · wall_segment Stone Wall x7 |
| 54:41 | ThePlebWithNoName · wall_segment Stone Wall x5 |
| 55:28 | ThePlebWithNoName · wall_segment Stone Wall x9 |
| 57:04 | Buddyboy · wall_segment Stone Wall x13 |
| 57:17 | Buddyboy · wall_segment Stone Wall x12 |
| 57:31 | Fire_Drake_Of_Gondolin · first_market_buy 500 food |
| 58:45 | ThePlebWithNoName · wall_segment Stone Wall x3 |
| 58:46 | ThePlebWithNoName · wall_segment Stone Wall x3 |
| 58:47 | ThePlebWithNoName · wall_segment Stone Wall x2 |
| 61:47 | gabrieldemarmiesse · wall_segment Stone Wall x9 |
| 62:02 | gabrieldemarmiesse · wall_segment Stone Wall x15 |
| 62:26 | Fire_Drake_Of_Gondolin · wall_segment Stone Wall x17 |
| 67:33 | Buddyboy · first_building Stable |
| 67:50 | Fire_Drake_Of_Gondolin · wall_segment Stone Wall x26 |
| 68:01 | Fire_Drake_Of_Gondolin · wall_segment Stone Wall x24 |
| 68:09 | Fire_Drake_Of_Gondolin · wall_segment Stone Wall x16 |
| 70:47 | ThePlebWithNoName · wall_segment Stone Wall x1 |
| 76:00 | Fire_Drake_Of_Gondolin · first_market_sell 100 wood |
| 76:32 | Buddyboy · first_market_sell 100 food |
| 81:32 | gabrieldemarmiesse · wall_segment Stone Wall x17 |
| 81:36 | gabrieldemarmiesse · wall_segment Stone Wall x11 |
| 81:47 | gabrieldemarmiesse · wall_segment Stone Wall x8 |
| 84:38 | gabrieldemarmiesse · wall_segment Stone Wall x1 |
| 84:39 | gabrieldemarmiesse · wall_segment Stone Wall x1 |
| 84:42 | gabrieldemarmiesse · wall_segment Stone Wall x18 |
| 84:58 | gabrieldemarmiesse · wall_segment Stone Wall x7 |
| 89:19 | Buddyboy · first_building Archery Range |
| 97:52 | ThePlebWithNoName · wall_segment Stone Wall x9 |
| 98:19 | gabrieldemarmiesse · first_building Archery Range |
| 114:15 | ThePlebWithNoName · wall_segment Stone Wall x13 |
| 115:37 | ThePlebWithNoName · wall_segment Stone Wall x7 |
| 116:17 | ThePlebWithNoName · wall_segment Stone Wall x9 |
| 119:51 | ThePlebWithNoName · wall_segment Stone Wall x5 |
| 182:19 | Buddyboy · wall_segment Stone Wall x41 |
| 182:49 | Buddyboy · wall_segment Stone Wall x23 |
[ AI ANALYSIS · 1 CREDIT ]
What really happened in this match?
Wolo.gg analyzes every decision: build order, eco, micro, common mistakes by bracket. Personalized analysis on WhatsApp or Discord in 30 seconds.
Civ guide
Poles
Perfil
Jugador #99213